Map: Ulrena

Players

SKillous

  • Race: Protoss Protoss
  • League: Grandmaster

MythiC - Winner!

  • Race: Terran Terran
  • League: Grandmaster

VOD

Have the link to the VOD?

Description

Time

  • Played on: Jan. 16, 2016, 5:57 a.m.
  • Length: 8:37
Show
View Real Time Build Order
Export as new Build Order

SKillous Protoss 

Build Orders: Phoenix Opening 

Get SALT Encoding   

  12  0:02  Probe (Chrono Boost)  
  13  0:12  Probe (Chrono Boost)  
  14  0:18  Pylon  
  14  0:23  Probe (Chrono Boost)  
  15  0:36  Probe (Chrono Boost)  
  15  0:39  Gateway  
  16  0:46  Probe (Chrono Boost)  
  16  0:47  Assimilator  
  18  0:57  Probe (Chrono Boost)  
  18  0:58  Assimilator  
  18  1:07  Probe (Chrono Boost)  
  19  1:18  Probe (Chrono Boost)  
  20  1:27  Cybernetics Core  
  20  1:29  Probe (Chrono Boost)  
  21  1:39  Pylon  
  22  1:40  Probe (Chrono Boost)  
  22  1:50  Probe (Chrono Boost)  
  23  2:04  Mothership Core (Chrono Boost)  
  23  2:06  Warp Gate, Stalker (Chrono Boost)  
  27  2:19  Nexus  
  27  2:25  Pylon  
  27  2:28  Probe (Chrono Boost)  
  28  2:36  Stalker (Chrono Boost)  
  31  2:48  Stargate  
  31  2:49  Probe (Chrono Boost)  
  31  2:59  Probe (Chrono Boost)  
  32  3:10  Probe (Chrono Boost)  
  33  3:15  Gateway  
  33  3:17  Gateway  
  33  3:20  Probe (Chrono Boost)  
  34  3:31  Phoenix (Chrono Boost)  
  36  3:42  Robotics Facility, Probe  
  36  3:43  Probe  
  39  4:02  Pylon  
  39  4:03  Void Ray (Chrono Boost)  
  39  4:07  Pylon  
  42  4:13  Adept x2  
  42  4:15  Adept  
  48  4:33  Immortal (Chrono Boost)  
  48  4:37  Adept x2  
  56  4:40  Pylon  
  56  5:00  Pylon  
  56  5:01  Pylon  
  56  5:04  Pylon  
  56  5:12  Void Ray  
  56  5:20  Adept x3  
  48  5:43  Immortal (Chrono Boost), Adept x3  
  46  6:04  Adept x3  
  37  6:34  Void Ray  
  37  6:38  Adept x3  
  47  6:48  Warp Prism (Chrono Boost)  
  49  7:03  Adept x2  
  49  7:06  Adept  
  55  7:12  Pylon  
  51  7:41  Adept x3  
  34  8:28  Adept x2  
Show
View Real Time Build Order
Export as new Build Order

MythiC Terran - Winner!

Build Orders: 1/1/1, Liberator Opening 

Get SALT Encoding   

  12  0:01  SCV  
  13  0:13  SCV  
  14  0:17  Supply Depot  
  14  0:25  SCV  
  15  0:39  SCV  
  15  0:40  Barracks  
  16  0:46  Refinery  
  16  0:51  SCV  
  16  0:54  Refinery  
  17  1:03  SCV  
  18  1:15  SCV  
  19  1:27  Orbital Command  
  19  1:29  Marine  
  20  1:34  Factory  
  20  1:43  Supply Depot  
  20  1:56  Barracks Reactor  
  20  1:58  SCV  
  21  2:13  SCV  
  22  2:17  Factory Tech Lab  
  22  2:18  Starport  
  22  2:24  Supply Depot  
  22  2:25  SCV  
  23  2:32  Marine x2  
  25  2:37  SCV  
  25  2:40  Liberator  
  25  2:41  Siege Tank  
  29  2:51  Marine x2  
  34  3:05  Barracks  
  34  3:09  Marine x2  
  36  3:17  Supply Depot  
  36  3:23  Siege Tank  
  39  3:39  Marine x2  
  39  3:40  Medivac  
  43  3:41  Supply Depot  
  43  3:52  Engineering Bay  
  43  3:54  Marine  
  43  4:08  Marine x2  
  45  4:13  Siege Tank  
  48  4:18  Liberator  
  48  4:23  Marine  
  49  4:28  Marine x2  
  54  4:40  Marine  
  54  4:43  Missile Turret  
  55  5:01  Missile Turret  
  55  5:07  Marine x2  
  55  5:08  Siege Tank  
  60  5:20  Missile Turret  
  60  5:28  Marine  
  60  5:29  Marine  
  60  5:35  Marine  
  58  5:39  Liberator  
  58  5:41  Siege Tank  
  55  5:46  Marine  
  55  5:56  Marine x2  
  57  6:04  Marine  
  56  6:26  Marine  
  56  6:27  Marine x2  
  56  6:28  Siege Tank  
  60  6:42  Missile Turret  
  60  6:51  Missile Turret  
  60  6:52  Marine x2  
  60  6:53  Marine  
  60  6:54  Missile Turret  
  62  7:10  Marine  
  62  7:11  Liberator  
  63  7:17  Supply Depot  
  63  7:21  Marine x2  
  67  7:37  SCV  
  67  7:38  Marine  
  67  7:39  Marine  
  66  7:52  Missile Turret  
  58  8:01  Missile Turret  
  58  8:03  Marine x2  
  59  8:08  Marine  
Tags
 
Add a new tag
Caveats
  • Supply blocks, unpowered buildings, or Contaminate may cause inaccurate times.
  • Supply counts are checked every 10 seconds.